[Event "Women Accentus DAQ Blitz 2022"]
[Site "Biel"]
[Date "2022.07.17"]
[Round "3.4"]
[White "Moracchini, Margaux"]
[Black "Ciarletta, Iris"]
[Result "0-1"]
[ECO "B22"]
[WhiteElo "1937"]
[BlackElo "1717"]
[Annotator "TA"]
[PlyCount "116"]
[EventDate "2022.07.17"]
[EventType "tourn"]
[EventCountry "SUI"]
[SourceTitle "playchess.com"]
[Source "ChessBase"]
[SourceQuality "1"]
[TimeControl "180+2"]

1. e4 c5 2. c3 Nf6 3. e5 Nd5 4. Bc4 Nb6 5. Bb3 e6 6. Nf3 d5 7. exd6 Bxd6 {[%emt 0:00:02] B22: Sicilian: 2 c3.} 8. d4 cxd4 9. Nxd4 Bd7 {[%emt 0:00:15] Inhibits Nb5. White has an edge.} 10. O-O {[%emt 0:00:03][%cal Od4f5] [#]} (10. Nf5 $5 Be5 11. Nd6+ Bxd6 12. Qxd6 $14) 10... Nc6 $146 ({Predecessor:} 10... Qc7 11. h3 e5 12. Qe2 O-O 13. Nb5 Bxb5 14. Qxb5 Kh8 15. Nd2 N8d7 16. Ne4 Be7 {1-0 (40) Bechtel,P-Berset,P (2235) Geneve 1994}) 11. Nb5 Bb8 12. Nd6+ Bxd6 13. Qxd6 Qb8 14. Bf4 e5 (14... Qxd6 $1 $14 15. Bxd6 Na5) 15. Qxb8+ Rxb8 16. Re1 f6 17. Be3 Nc8 18. Bc5 (18. f4 $142) 18... b6 $16 19. Ba3 {[%emt 0:00:03] A strong pair of Bishops.} Na5 20. Nd2 (20. f4 $1 $16) 20... Nxb3 $11 21. Nxb3 Ne7 (21... Kf7 $11) 22. Rad1 (22. Bxe7 $16 {Black must now prevent Bd6.} Kxe7 23. f4) 22... Ba4 (22... Ng6 $11) 23. Rd6 (23. f4 $1 $16) 23... Nf5 24. Rd2 Kf7 (24... g5 {looks sharper.} 25. Nd4 Rd8 26. b3 Kf7) 25. Nc1 (25. f4 $11 {remains equal.}) 25... Rhd8 26. Rxd8 ({White should play} 26. Nb3) 26... Rxd8 $17 27. b3 Bb5 (27... Bc6 $19 {And now ...Nh4 would win.} 28. f3 h5) 28. c4 Bc6 29. Bb4 {[%emt 0:00:15] [#] Prevents Rd2.} (29. f3 $17) 29... Nd4 (29... Nh4 $1 $19 30. f3 {[#]} Bxf3 $1 31. gxf3 Nxf3+ 32. Kf2 Nxe1 33. Kxe1 Rd4) 30. Bc3 Nc2 31. Rf1 Be4 {[%emt 0:00:02] Black is much more active. The white rooks are badly placed.} (31... b5 $17 {Strongly threatening ...b4.} 32. f3 bxc4) 32. Ne2 Bd3 ({Black should try} 32... g5 $15) 33. Rd1 $11 Ke8 34. Nc1 Bf5 35. Rxd8+ Kxd8 {[%emt 0:00:01][%mdl 4096] Endgame KBN-KBN} 36. h3 Na3 37. Bb4 Nc2 38. Bc3 Kd7 39. g4 Be4 40. Kf1 Kc6 41. Ke2 Nd4+ 42. Bxd4 (42. Ke3 $5 Bg2 43. f4 $11) 42... exd4 {[%emt 0:00:02] KB-KN} 43. f3 Bg6 44. f4 Be4 45. Nd3 Bg2 46. Nb4+ Kd6 47. h4 Bh3 48. g5 Bf5 {[%emt 0:00:02] With the idea ...fxg5.} 49. Kf3 $2 {[%emt 0:00:04][%mdl 8192] This move loses the game for White.} (49. gxf6 $11 {and White has nothing to worry.} gxf6 50. Kd2) 49... a5 (49... fxg5 $142 50. fxg5 a5) 50. Na6 $2 (50. gxf6 axb4 51. fxg7) 50... Bb1 $19 51. a3 Ba2 52. b4 (52. Ke4 Bxb3 53. Kxd4) 52... Bxc4 53. bxa5 Bxa6 {[%emt 0:00:01] Black mates.} 54. axb6 {[%emt 0:00:01] KB-KP} Kd5 55. gxf6 gxf6 56. a4 f5 57. a5 h5 58. Kg3 Ke4 {[%emt 0:00:00] Weighted Error Value: White=0.58/Black=0.25 (precise)} 0-1

[Event "Women Accentus DAQ Blitz 2022"]
[Site "Biel"]
[Date "2022.07.17"]
[Round "4.1"]
[White "Cornileau, Juliette"]
[Black "Ciarletta, Iris"]
[Result "1-0"]
[ECO "D35"]
[WhiteElo "1900"]
[BlackElo "1717"]
[Annotator "TA"]
[PlyCount "85"]
[EventDate "2022.07.17"]
[EventType "tourn"]
[EventCountry "SUI"]
[SourceTitle "playchess.com"]
[Source "ChessBase"]
[SourceQuality "1"]
[TimeControl "180+2"]

1. d4 d5 2. c4 e6 3. Nc3 Nf6 4. cxd5 exd5 5. Bg5 Be7 6. e3 c6 7. Bd3 Be6 8. Qc2 h6 {[%emt 0:00:02] D35: Queen's Gambit Declined: Exchange Variation.} 9. Bh4 Nbd7 10. Nge2 Ng4 {[%emt 0:00:23] White has an edge.} 11. Bxe7 Qxe7 {[%emt 0:00:02] [#]} 12. h3 $146 (12. Nf4 {is interesting.} O-O 13. O-O Qd6 14. h3) ({Predecessor:} 12. Nf4 Ngf6 13. O-O O-O 14. f3 a6 15. e4 Qb4 16. Nce2 dxe4 17. fxe4 Qb6 18. Kh1 {1-0 (33) Roubalik,J (2391)-Halbrstat,P (1570) Pardubice 2021}) 12... Ngf6 13. Nf4 Nb6 14. O-O Nc8 (14... O-O $11) 15. e4 {[%emt 0:00:14] White is more active.} dxe4 16. Nxe4 O-O 17. Nc5 {[%emt 0:00:18] [#] aiming for Rfe1.} Bd5 18. Nxd5 Nxd5 19. Rae1 Qg5 (19... Qc7 $11 {remains equal.}) 20. Ne4 (20. Re5 $16 Qh4 21. g3 (21. Nxb7 Qxd4 22. Rfe1 Nb4 $16) 21... Qxd4 22. Re4) 20... Qd8 $11 21. Nc5 $36 {[%emt 0:00:02][%mdl 2048] Black is under pressure.} Nd6 22. b3 (22. Bh7+ $11 Kh8 23. Be4) 22... Qf6 $2 (22... b6 $15 {keeps the upper hand.} 23. Ne4 Nb4) 23. Nd7 $16 Qxd4 24. Nxf8 Rxf8 25. Be4 {[%emt 0:00:22] Black must now prevent Bxd5.} Nxe4 26. Rxe4 Qb6 27. Rfe1 Nf6 {[%emt 0:00:04] Inhibits Re8.} 28. Re7 Qb4 (28... Nd5 $142) 29. Qc4 Qa5 30. Qc2 $2 (30. b4 $18 Qb6 31. a4) 30... Qb6 (30... Qb4 $1 $11 {and Black stays safe.}) 31. Qe2 Nd5 32. Rd7 (32. Re8 $18 {Intending Rxf8+ and mate.} Qb4 33. Rxf8+ Qxf8 34. Qe8) 32... Nf6 33. Re7 (33. Rd6 $16) 33... Qb4 $2 (33... Nd5 $11) 34. Qc4 $2 (34. Qd3 $18) 34... Qb6 $2 (34... Qa5 $1 $11) 35. a4 $18 Nd5 36. R7e5 Qd8 37. Qe4 Nf6 38. Qc4 Nd5 39. Qe2 Qb6 40. Re8 Rxe8 (40... Qb4 41. Qc4 a5 42. Qxb4 Nxb4) 41. Qxe8+ Kh7 42. Qxf7 {[%emt 0:00:02] [#] White wants to mate with Qf5+.} Qxb3 43. Qf5+ {[%emt 0:00:01] Weighted Error Value: White=0.41/Black=0.77} 1-0

[Event "Women Accentus DAQ Blitz 2022"]
[Site "Biel"]
[Date "2022.07.17"]
[Round "4.2"]
[White "Tamrazyan, Gohar"]
[Black "Moracchini, Margaux"]
[Result "0-1"]
[ECO "D00"]
[WhiteElo "1916"]
[BlackElo "1937"]
[Annotator "TA"]
[PlyCount "102"]
[EventDate "2022.07.17"]
[EventType "tourn"]
[EventCountry "SUI"]
[SourceTitle "playchess.com"]
[Source "ChessBase"]
[SourceQuality "1"]
[TimeControl "180+2"]

1. d4 Nf6 2. Nc3 d5 3. Bf4 e6 4. e3 Bd6 5. Bxd6 Qxd6 6. g4 {[%emt 0:00:08] D00: 1 d4 d5: Unusual lines.} h6 7. h4 {[%emt 0:00:00] [#]} Ne4 $146 ({Better is} 7... Qb6 $15) ({Predecessor:} 7... c5 8. Bg2 cxd4 9. exd4 Nc6 10. Rh3 Qf4 11. g5 Ng8 12. Nce2 Qd6 13. Qd2 Nge7 {1-0 (45) Fries Nielsen,J (2389)-Thuesen,M (2209) Ballerup 2016}) 8. Nxe4 $14 {[%emt 0:00:32] White is slightly better.} dxe4 9. Bg2 Qb4+ 10. Kf1 Qxb2 11. Bxe4 Qb5+ (11... e5 $14) 12. Ne2 O-O (12... Nd7 $16 {was called for.}) 13. Bd3 ({White should play} 13. g5 $18) 13... Qc6 (13... Qd5 $14 14. Ng3 e5) 14. Ng3 $1 $16 Nd7 15. Be4 (15. g5 $1 $16) 15... Qd6 16. Qf3 (16. g5 $1 $16) 16... Nf6 17. g5 Nxe4 18. Nxe4 Qa6+ 19. Qe2 (19. Kg2 $14 e5 20. dxe5) 19... Qxe2+ 20. Kxe2 {[%emt 0:00:01] Black must now prevent gxh6.} hxg5 (20... Rd8 $11) 21. hxg5 {[%emt 0:00:02][%cal Oe4f6] Intending Nf6+! and mate.} b6 $2 {[%emt 0:00:03][%mdl 8192] [#]} (21... Rd8 $16) 22. Ng3 $2 (22. Nf6+ $1 {[%mdl 512] mates} gxf6 23. gxf6 Ba6+ 24. Kd2 Bd3 25. Kxd3 Rfe8 26. Rag1+ Kf8 27. Rh8#) 22... Ba6+ 23. Kd2 Rad8 $2 {[%emt 0:00:02] [#]} (23... Rfd8 $11 {and Black stays safe.}) 24. Kc3 $2 (24. Nh5 $1 $18 {[%cal Rh5f6] Threatening mate with Nf6+!} Kh7 25. Rag1) 24... Rd5 (24... c5 $15) 25. e4 (25. Ne4 $11 {keeps the balance.} Rfd8 26. f4) 25... Rxg5 $17 26. Rh3 c5 (26... f6 $17 {Threatens to win with ...c5.} 27. Rah1 Kf7) 27. f4 $2 (27. Rah1 $1 $15 cxd4+ 28. Kxd4) 27... cxd4+ $19 28. Kxd4 (28. Kd2 {might work better.} Rg4 29. Rah1) 28... Rd8+ 29. Ke3 Rc5 30. Rh2 (30. f5) 30... Rc3+ 31. Kf2 Rd2+ 32. Kg1 Rxg3+ 33. Kh1 Rxh2+ 34. Kxh2 {[%emt 0:00:01][%mdl 4096] Endgame KRB-KR} Re3 35. e5 Re2+ 36. Kg3 Rxc2 37. a3 Re2 38. Kf3 Rb2 39. a4 Bb7+ 40. Ke3 Rb3+ 41. Kd4 Rb4+ 42. Ke3 Re4+ 43. Kd3 Rxf4 44. a5 b5 {[%emt 0:00:09] ( -> ...Bd5)} 45. Rc1 Rc4 46. Rxc4 bxc4+ {[%emt 0:00:01] Black mates.} 47. Kxc4 {[%emt 0:00:01] KB-KPP} g5 48. Kc5 Ba6 49. Kd4 Kg7 50. Ke4 Kg6 51. Kf3 Kf5 {[%emt 0:00:02] What a bad dream for White.  Weighted Error Value: White=1.11/Black=0.69} 0-1

[Event "Women Accentus DAQ Blitz 2022"]
[Site "Biel"]
[Date "2022.07.17"]
[Round "4.3"]
[White "Zhuang, Yongzhe"]
[Black "Sumarriva Paulin, Laura"]
[Result "0-1"]
[ECO "C01"]
[WhiteElo "1838"]
[BlackElo "1913"]
[Annotator "TA"]
[PlyCount "112"]
[EventDate "2022.07.17"]
[EventType "tourn"]
[EventCountry "SUI"]
[SourceTitle "playchess.com"]
[Source "ChessBase"]
[SourceQuality "1"]
[TimeControl "180+2"]

1. e4 e6 2. d4 d5 3. exd5 exd5 4. Nf3 Bd6 5. c4 Nf6 6. Nc3 O-O 7. Be2 {[%emt 0:00:07] C01: French: Exchange Variation.} dxc4 8. Bxc4 Bg4 9. O-O {[%emt 0:00:03] The position is equal.} Nbd7 10. h3 Bh5 11. Bd3 Nb6 12. Bg5 c6 {[%emt 0:00:13] [#]} 13. Bc2 $146 ({Predecessor:} 13. Be2 Re8 14. Re1 Be7 15. Ne5 Bxe2 16. Rxe2 Nfd5 17. Bxe7 Rxe7 18. Nxd5 Qxd5 19. Nf3 {0-1 (49) Krueger,N (2106)-Plueg,A (2300) Gau Algesheim 2011}) 13... Be7 14. Qd3 Bg6 15. Qd2 Nc4 16. Qe2 {[%emt 0:00:06] Hoping for Bxg6.} Bxc2 17. Qxc2 Qd7 18. Rad1 Nb6 19. Ne5 Qc7 20. Bf4 Bd6 21. Rfe1 Rad8 22. Bg5 Be7 23. Qf5 Nfd5 24. Bf4 Nxf4 25. Qxf4 Bf6 26. Ne4 {[%emt 0:00:06] Pair of Knights!} Be7 27. Re3 $2 (27. Nc3 $11 {and White is okay.}) 27... Nd5 $1 $19 28. Qf3 Nxe3 29. fxe3 f6 30. Nd3 Bd6 31. Nxd6 Qxd6 32. Nc5 b6 ({Better is} 32... Rf7 $19 {White must now prevent ...Re7.} 33. Ne4 Qe6) 33. Nb7 $11 Qe7 34. Nxd8 Rxd8 {[%emt 0:00:01][%mdl 4096] Endgame KQR-KQR} 35. Re1 c5 (35... Rxd4 $5 36. Qxc6 Rd2 $15) 36. d5 (36. Rd1 $11 {keeps the balance.}) 36... Qe5 $1 $17 37. e4 {[%emt 0:00:11] [#]} (37. Rd1 $17) 37... Rxd5 $1 $19 ({Weaker is} 37... Qxb2 38. Qb3 Qd4+ 39. Kh2) 38. Qb3 Qd4+ 39. Kh1 c4 40. Qa4 Rd8 {[%emt 0:00:02] Inhibits Qe8+.} (40... b5 $19 41. Qc2 (41. Qa6 $2 Re5 $19) 41... Qd2) 41. Qxa7 $17 Qxb2 (41... b5 $17 42. Qa3 Qd6 43. Qxd6 Rxd6) 42. Qb7 {[%emt 0:00:08][%mdl 8192] Black keeps a firm grip on the game.} (42. Qc7 $11 Qd4 43. Qc6) 42... c3 {[%emt 0:00:05] And now ...Qf2 would win.} 43. Qc6 $2 (43. Qc7 Qd2 44. Rf1) 43... c2 $19 44. Qe6+ Kh8 45. Qc4 h6 (45... Qb1 $142 46. Rg1 {[#]} Qxg1+ $3 47. Kxg1 Rd1+ 48. Kf2 c1=Q 49. Qxc1 Rxc1) 46. Kh2 b5 (46... Qe5+ $142 47. Kg1 Rd1 48. Qc8+ Kh7 49. Qxc2 Rxe1+ 50. Kf2 Rxe4) 47. Qc6 b4 (47... Rd1 $142 48. Qc8+ Kh7) 48. Qc7 Rg8 (48... Rd1 $142 49. Qc8+ Kh7 50. e5 c1=Q 51. Qf5+ Kh8 52. Rxd1 Qxd1 53. Qc8+ Kh7 54. Qf5+ Kg8 55. Qc8+ Kf7 56. Qb7+ Ke6 57. Qc8+ Kxe5 58. Qe8+ Kf5 59. Qc8+ Ke4 60. Qa8+ Qd5 61. Qa7 Qd6+ 62. Kh1 Qc1+ 63. Qg1 Qxg1+ 64. Kxg1 Qg3 65. h4 Ke3 66. h5 Ke2 67. a4 bxa3 68. Kh1 a2 69. Kg1 a1=Q#) 49. Qc4 Rd8 (49... Qb1 $19 50. Rg1 Rd8 51. Rxb1 cxb1=Q) 50. Qc7 $1 Qe5+ (50... Rd1 $142 51. Qc8+ Kh7 52. e5 c1=Q 53. Qf5+ Kh8 54. Rxd1 Qxd1 55. Qc8+ Kh7 56. Qf5+ Kg8 57. Qe6+ Kh7 58. Qf5+ Kg8 59. Qe6+ Kf8 60. Qc8+ Kf7 61. Qb7+ Kg6 62. Qe4+ f5 63. Qh4 Qxe5+ 64. Qg3+ Qxg3+ 65. Kxg3 Qf1 66. Kh2 f4 67. a4 bxa3 68. h4 a2 69. h5+ Kg5 70. g3 Qf2+ 71. Kh3 Qxg3#) 51. Qxe5 fxe5 {[%emt 0:00:01] KR-KR} 52. Rc1 Rc8 {[%emt 0:00:01] aiming for ...Kh7.} 53. Kg3 Kg8 54. Kg4 Kf7 55. Kf5 Rc5 {[%emt 0:00:01] ...g6+ is the strong threat.} 56. g4 (56. Kg4 $19 Kf6 57. Kh5) 56... g6# {[%emt 0:00:01] Weighted Error Value: White=1.19/Black=0.89} 0-1

[Event "Women Accentus DAQ Blitz 2022"]
[Site "Biel"]
[Date "2022.07.17"]
[Round "5.1"]
[White "Keymer, Cecilia"]
[Black "Cornileau, Juliette"]
[Result "0-1"]
[ECO "E11"]
[WhiteElo "1652"]
[BlackElo "1900"]
[Annotator "TA"]
[PlyCount "132"]
[EventDate "2022.07.17"]
[EventType "tourn"]
[EventCountry "SUI"]
[SourceTitle "playchess.com"]
[Source "ChessBase"]
[SourceQuality "1"]
[TimeControl "180+2"]

1. d4 Nf6 2. c4 e6 3. Nf3 Bb4+ 4. Bd2 Qe7 5. a3 Bxd2+ 6. Qxd2 d6 7. Nc3 O-O 8. e4 e5 9. d5 {[%emt 0:00:05] E11: Bogo-Indian.} a5 10. Bd3 Na6 11. O-O {[%emt 0:00:08] The position is equal.} Nc5 12. Bc2 {[%emt 0:00:01] Prevents Nb3.} a4 13. Rfe1 {[%emt 0:00:16] [#]} Nh5 $146 ({Predecessor:} 13... Bg4 14. Qe3 Nfd7 15. h3 Bh5 16. Ne2 Bg6 17. Ng3 Rfb8 18. b4 axb3 19. Bxb3 Ra5 {1-0 (63) Nemec,H (1662)-Wiesner,P (1843) Maribor 2012}) 14. Qg5 Qxg5 15. Nxg5 h6 16. Nf3 c6 {[%emt 0:01:04] Inhibits Nb5.} 17. g3 Nf6 18. Kg2 Rd8 19. Nd2 cxd5 20. cxd5 b6 (20... Bd7 $11) 21. b4 ({White should play} 21. f4 $14) 21... axb3 $1 $11 22. Nxb3 Bd7 (22... Nxb3 $11 23. Bxb3 Kf8) 23. Nxc5 $14 bxc5 24. a4 Ra5 25. Nb5 (25. Reb1 $14 {keeps the upper hand.}) 25... Bxb5 $17 26. axb5 Rxb5 27. Reb1 Rb4 28. Kf3 Rdb8 29. Bd3 Rb3 (29... Rxb1 $142 30. Rxb1 Rb4) 30. Rxb3 Rxb3 {[%emt 0:00:01][%mdl 4096] Endgame KRB-KRN} 31. Ke2 Rb2+ 32. Ke3 $2 {[%emt 0:00:01][%mdl 8192] [#]} (32. Ke1 $17) 32... Ng4+ $19 33. Kf3 Nxf2 34. Bc4 Rb4 {[%emt 0:00:06] Strongly threatening ...Nxe4.} 35. Kxf2 Rxc4 {[%emt 0:00:01] KR-KR} 36. Ke3 Kf8 $2 (36... f5 $19 37. Kf2 Rxe4) 37. h3 $2 ({White should try} 37. Ra8+ $1 $15 Ke7 38. Ra7+ Kf6 39. Ra6) 37... Rc3+ 38. Kf2 Rc2+ 39. Kf3 Rc3+ 40. Kf2 $1 Rd3 41. Rc1 $2 (41. Ra8+ Ke7 42. Ra7+ Ke8 43. Ra8+ Ke7 44. Ra7+ Ke8 45. Ra8+ Ke7) 41... Rd2+ 42. Kf3 Rd3+ 43. Kf2 $1 Rd4 44. Kf3 Ke7 45. Rc3 c4 {[%emt 0:00:09] [#] White must now prevent ...Rd3+.} 46. Ke3 {[%emt 0:00:05] Prevents Rd3+.} Rd3+ 47. Rxd3 cxd3 48. Kxd3 {[%emt 0:00:01] KP-KP} Kf6 49. Ke3 Kg5 50. Kf3 f5 51. exf5 Kxf5 52. Ke3 h5 53. Kf3 e4+ 54. Ke3 Ke5 55. g4 hxg4 56. hxg4 Kxd5 57. Kf4 {[%emt 0:00:02] Black mates.} Kd4 58. Kf5 e3 59. Kg6 e2 60. Kxg7 e1=Q 61. g5 Qg3 62. g6 Kc3 63. Kh7 d5 64. g7 d4 65. g8=Q Qxg8+ 66. Kxg8 d3 {[%emt 0:00:01] Weighted Error Value: White=0.87/Black=0.56} 0-1

[Event "Women Accentus DAQ Blitz 2022"]
[Site "Biel"]
[Date "2022.07.17"]
[Round "5.2"]
[White "Sumarriva Paulin, Laura"]
[Black "Avilova, Yulia"]
[Result "1-0"]
[ECO "B24"]
[WhiteElo "1913"]
[BlackElo "1646"]
[Annotator "TA"]
[PlyCount "69"]
[EventDate "2022.07.17"]
[EventType "tourn"]
[EventCountry "SUI"]
[SourceTitle "playchess.com"]
[Source "ChessBase"]
[SourceQuality "1"]
[TimeControl "180+2"]

1. e4 c5 2. Nc3 d6 3. g3 Nf6 4. Bg2 e6 5. d3 Be7 6. Nge2 Nc6 7. O-O O-O 8. h3 a6 9. f4 {[%emt 0:00:02] B24: Closed Sicilian: 3 g3 sidelines.} b5 {[%emt 0:00:02] [#]} (9... h6 $11) 10. a3 $146 (10. e5 $1 $16 Nd5 11. Nxd5 exd5 12. c4 (12. Bxd5 Bb7 $14)) ({Predecessor:} 10. g4 Bb7 11. g5 Nd7 12. h4 Nd4 13. Be3 b4 14. Nb1 Nxe2+ 15. Qxe2 Qc7 16. Nd2 {1-0 (37) Andreikin,D (2726)-Karimov,A (2222) Chess.com INT 2020}) 10... b4 (10... Bb7 $11) 11. axb4 {[%emt 0:00:02] White is slightly better.} (11. e5 $5 Nd5 12. Nxd5 exd5 13. Bxd5 $16) 11... cxb4 12. Na4 a5 13. c3 Qc7 14. Kh2 Ba6 15. d4 Rfd8 ({Black should try} 15... bxc3 $11 16. Naxc3 Nb4) 16. d5 $1 $14 Nb8 17. Re1 (17. dxe6 $16 {aiming for Be3.} fxe6 18. Nd4 Bxf1 19. Bxf1) 17... e5 $1 $11 18. f5 Nbd7 19. Be3 Nc5 20. Nxc5 dxc5 21. g4 Rac8 (21... h6 $11 {remains equal.}) 22. Qc2 c4 (22... Ra8 $142) 23. cxb4 (23. g5 $16 Nd7 24. f6 gxf6 25. gxf6) 23... Bxb4 $14 24. Bd2 {[%emt 0:00:03] [#] Hoping for Bxb4.} Bb5 25. Nc3 $36 {[%emt 0:00:11][%mdl 2048] White has some pressure.} Bd7 26. Rf1 Ne8 27. g5 f6 28. h4 fxg5 (28... Bc5 $14) 29. hxg5 $16 Be7 (29... Nd6 $16 {was necessary.} 30. Qd1 Be8) 30. Qd1 $18 Nd6 $2 {[%emt 0:00:06] [#]} (30... Rb8) 31. Qh5 Rf8 (31... Ne8 $142 32. Rf3 (32. g6 h6 $16) 32... Nf6 33. gxf6 Be8) 32. g6 hxg6 33. fxg6 {[%emt 0:00:03][%csl Gg6][%cal Rh5h7] White mates.} Rxf1 34. Qh7+ Kf8 35. Qh8# {[%emt 0:00:01] Weighted Error Value: White=0.26 (precise) /Black=0.61} 1-0

[Event "Women Accentus DAQ Blitz 2022"]
[Site "Biel"]
[Date "2022.07.17"]
[Round "5.3"]
[White "Moracchini, Margaux"]
[Black "Zhuang, Yongzhe"]
[Result "1-0"]
[ECO "C42"]
[WhiteElo "1937"]
[BlackElo "1838"]
[Annotator "TA"]
[PlyCount "73"]
[EventDate "2022.07.17"]
[EventType "tourn"]
[EventCountry "SUI"]
[SourceTitle "playchess.com"]
[Source "ChessBase"]
[SourceQuality "1"]
[TimeControl "180+2"]

1. e4 e5 2. Nf3 Nf6 3. Nxe5 d6 4. Nf3 Nxe4 5. Nc3 Nxc3 6. dxc3 Be7 7. Bd3 Nd7 8. Bf4 {[%emt 0:00:09] C42: Petroff Defence: 3 Nxe5 and unusual White 3rd moves.} Nc5 9. Qd2 Nxd3+ 10. cxd3 {[%emt 0:00:03] The position is equal.} (10. Qxd3 {with more complications.} b6 11. O-O-O Bb7 12. Rde1) 10... O-O 11. O-O {[%emt 0:00:05][%cal Bh1f1,Bf1e1,Be1e7][%mdl 32] [#]} d5 $146 ({Predecessor:} 11... Bg4 12. Nd4 Bf6 13. Ne2 Re8 14. Rfe1 Qd7 15. Ng3 Rxe1+ 16. Rxe1 Re8 17. Rxe8+ Qxe8 {1-0 (64) Amador Garcia,I (2032)-Rodriguez Melian,J (2095) Gran Canaria 2019}) 12. Rfe1 c5 13. d4 c4 14. Bg5 Bxg5 (14... f6 $5 15. Bf4 Bf5 $11) 15. Qxg5 h6 16. Qxd8 Rxd8 17. Re7 b5 18. Ne5 Be6 19. Nc6 Rd7 ({Better is} 19... Rd6 $14 20. Rc7 (20. Rxa7 $2 Rxa7 21. Nxa7 Bd7 $17) (20. Nxa7 Bd7 $17) 20... a5) 20. Rxd7 $16 Bxd7 {[%emt 0:00:01][%mdl 4096] Endgame KRB-KRN} 21. Ne7+ Kf8 22. Nxd5 {[%emt 0:00:01] White is more active.} Re8 23. Kf1 {[%emt 0:00:04] Prevents Re2.} Bf5 24. Ne3 Bd3+ 25. Ke1 $2 {[%emt 0:00:02] This move loses the game for White.} (25. Kg1 $14) 25... f5 $1 $19 {[%emt 0:00:04][%cal Bf7f5,Bf5f4][%mdl 32] Hoping for ...f4.} 26. g3 {[%emt 0:00:07] [#]} g5 $1 {[%emt 0:00:02][%cal Bg7g5,Bg5f4][%mdl 32] Strongly threatening ...f4.} 27. Kd2 {[%emt 0:00:17] [#]} (27. a4 $17 f4 28. gxf4 gxf4 29. axb5) 27... f4 $1 28. gxf4 gxf4 29. Nd1 $2 (29. a4 $19) 29... Re2+ 30. Kc1 Rc2+ 31. Kb1 Rxf2+ 32. Kc1 Rc2+ 33. Kb1 Rxh2+ 34. Kc1 Rh1 (34... Rc2+ $142 35. Kb1 Rxc3#) 35. a4 {[%emt 0:00:02] Black is clearly winning.} Be2 36. Kd2 Bxd1 37. Rxd1 {[%emt 0:00:03][%mdl 32768] Weighted Error Value: White=0.89/Black=0.25 (precise) . Loss on time!?} 1-0

[Event "Women Accentus DAQ Blitz 2022"]
[Site "Biel"]
[Date "2022.07.17"]
[Round "5.4"]
[White "Ciarletta, Iris"]
[Black "Tamrazyan, Gohar"]
[Result "1-0"]
[ECO "D32"]
[WhiteElo "1717"]
[BlackElo "1916"]
[Annotator "TA"]
[PlyCount "73"]
[EventDate "2022.07.17"]
[EventType "tourn"]
[EventCountry "SUI"]
[SourceTitle "playchess.com"]
[Source "ChessBase"]
[SourceQuality "1"]
[TimeControl "180+2"]

1. d4 d5 2. c4 e6 3. Nf3 c5 4. cxd5 exd5 5. dxc5 Bxc5 6. e3 Nc6 7. Nc3 Nf6 8. Bb5 O-O 9. O-O a6 10. Bxc6 bxc6 11. h3 {[%emt 0:00:07] [#]} h6 $146 {[%emt 0:00:17] D32: Tarrasch Defence: Sidelines and lines without g3.} ({Predecessor:} 11... Re8 12. b3 h6 13. Bb2 Bb7 14. Rc1 Qd6 15. Rc2 Rad8 16. Rd2 Bb4 17. Nd4 Ne4 18. Rd3 Nxc3 19. Bxc3 Bxc3 20. Rxc3 {1-0 (49) Michalska,L (1231)-Blaszak,T Poznan 2021}) 12. Bd2 ({White should try} 12. b3 $11) 12... Rb8 13. b3 a5 {[%emt 0:00:15] Black is slightly better.} 14. Qc2 Ba6 15. Rfc1 Bb4 16. Na4 Bxd2 (16... Ba3 $11 {remains equal.}) 17. Qxd2 $16 Ne4 18. Qe1 Rc8 (18... Bb5 $142) 19. Nc5 Nxc5 20. Rxc5 a4 21. b4 ({But not} 21. bxa4 Bc4 $16) 21... Bc4 22. a3 Qd6 {[%emt 0:00:04] Prevents Ne5.} 23. Nd4 Rfe8 (23... f5 $16) 24. Qd1 $18 Bb5 25. Nxb5 cxb5 26. Rxd5 (26. Rxb5 $18 Red8 27. Ra5 (27. Qxa4 d4 $16)) 26... Qc6 27. Rc5 Qb7 28. Rac1 Rcd8 {[%emt 0:00:06] Prevents Qd3.} 29. Qe2 Re6 (29... Rd5 $16 30. Rc7 Qa8) 30. Qxb5 Qe4 {[%emt 0:00:06] [#]} (30... Qxb5 {was worth a try.} 31. Rxb5 Rd3) 31. Qc4 (31. Rc8 $142 Rxc8 32. Rxc8+ Kh7 33. Qxa4) 31... Qb7 $2 (31... Qxc4 32. R5xc4 (32. R1xc4 Rd1+ 33. Kh2 Ra1 $18) 32... Rd3) 32. Rc7 Qa8 (32... Qd5 {was called for.} 33. Qxd5 Rxd5) 33. Rc8 {[%emt 0:00:05] White is clearly winning.} Rxc8 34. Qxc8+ Qxc8 35. Rxc8+ Kh7 36. Ra8 Rd6 37. Rxa4 {[%emt 0:00:02] Weighted Error Value: White=0.25 (precise) /Black=0.47} 1-0

[Event "Women Accentus DAQ Blitz 2022"]
[Site "Biel"]
[Date "2022.07.17"]
[Round "6.1"]
[White "Sumarriva Paulin, Laura"]
[Black "Cornileau, Juliette"]
[Result "1-0"]
[ECO "E52"]
[WhiteElo "1913"]
[BlackElo "1900"]
[Annotator "TA"]
[PlyCount "49"]
[EventDate "2022.07.17"]
[EventType "tourn"]
[EventCountry "SUI"]
[SourceTitle "playchess.com"]
[Source "ChessBase"]
[SourceQuality "1"]
[TimeControl "180+2"]

1. d4 Nf6 2. c4 e6 3. Nc3 Bb4 4. e3 d5 5. a3 Bxc3+ 6. bxc3 O-O 7. Bd3 b6 8. Nf3 Ba6 9. cxd5 Bxd3 10. Qxd3 exd5 11. O-O Nc6 {[%emt 0:00:04][%cal Bb8c6,Bc6a5,Ba5b3][%mdl 32] E52: Nimzo-Indian: Rubinstein: 4...0-0 5 Nf3 d5 6 Bd3 b6.} 12. c4 dxc4 13. Qxc4 {[%emt 0:00:02] [#]} Na5 $146 {[%emt 0:00:01] The position is equal.} ({Predecessor:} 13... Qd5 14. Qxd5 Nxd5 15. Bd2 Nce7 16. Rac1 Rac8 17. e4 Nf6 18. Rfe1 Rfe8 19. Ne5 c5 20. dxc5 Rxc5 21. Rxc5 bxc5 {0-1 (48) Weetik,V (2423)-Alinasab,M (2355) Chess.com INT 2022}) 14. Qc2 Qd5 {[%emt 0:00:05] Against e4} 15. Qxc7 Nb3 16. Rb1 Na5 17. Qg3 Ne4 18. Qg4 (18. Qe5 $5 Rfd8 19. Qxd5 Rxd5 20. Ne5 $14) 18... Nc3 19. Ra1 $2 {[%emt 0:00:02] [#]} (19. Rb2 $14 {keeps the upper hand.}) 19... Nb3 $17 {[%emt 0:00:17] Pair of Knights!} 20. Bb2 (20. Bd2 $17 Nxa1 21. Bxc3) 20... Nxa1 21. Bxc3 Nb3 22. Nh4 {[%emt 0:00:16][%cal Bf3h4,Bh4f5,Bf5h6][%mdl 32] [#] Threatens to win with Nf5.} Qe6 (22... g6 $17 {aiming for ...Rac8.} 23. Rb1 Rac8) 23. Nf5 $16 {[%emt 0:00:07][%csl Gf5][%cal Rg4g7][%mdl 1024] White has strong compensation.} g6 (23... Qf6 $16) 24. Nh6+ $18 Kg7 25. d5+ $1 {[%emt 0:00:00] Weighted Error Value: White=0.44/Black=0.52} 1-0